 Seeded DCSS version 0.26-a0-831-g7192265339 (webtiles) character file.

Game seed: 2127781160018630375 (custom seed)

95 sahdkjhfkaj the Cutter (level 4, -1/28 HPs)
             Began as a Kobold Berserker on Nov 15, 2020.
             Was a Believer of Trog.
             Slain by a gnoll
             ... wielding a cursed +0 spear
              (10 damage)
             ... on level 4 of the Dungeon.
             The game lasted 00:02:02 (2889 turns).

sahdkjhfkaj the Cutter (Kobold Berserker)           Turns: 2889, Time: 00:02:03

Health: -1/28      AC:  5    Str: 15    XL:     4   Next: 97%
Magic:  4/4        EV: 14    Int:  8    God:    Trog [**....]
Gold:   139        SH:  0    Dex: 19    Spells: 3/3 levels left

rFire    . . .     SeeInvis .   a - +0 short sword
rCold    . . .     Faith    .   (shield restricted)
rNeg     . . .     Spirit   .   m - +0 ring mail "Vyra" {rElec Dex+5}
rPois    .         Reflect  .   (no helmet)
rElec    +         Harm     .   (no cloak)
rCorr    .         Rampage  .   (no gloves)
MR       .....                  (no boots)
Stlth    ++........             (no amulet)
HPRegen  0.09/turn              (no ring)
MPRegen  0.09/turn              (no ring)

@: no status effects
A: small, nightstalker 3
a: Berserk, Trog's Hand, Renounce Religion


You were on level 4 of the Dungeon.
You worshipped Trog.
Trog was pleased with you.
You visited 1 branch of the dungeon, and saw 3 of its levels.

You collected 139 gold pieces.

Inventory:

Hand Weapons
 a - a +0 short sword (weapon)
Missiles
 d - 3 curare-tipped darts (quivered)
Armour
 m - the +0 ring mail "Vyra" (worn) {rElec Dex+5}
   (You found it on level 4 of the Dungeon)

   It affects your dexterity (+5).
   It insulates you from electricity.
Jewellery
 j - an uncursed amulet of reflection {unknown}
 k - a +4 ring of protection {unknown}
Scrolls
 b - 2 scrolls of teleportation {!r, unknown}
 c - 3 scrolls of identify {!r, unknown}
 e - 2 scrolls of immolation {!r, unknown}
 g - 2 scrolls of remove curse {!r, unknown}
 l - a scroll of enchant weapon {!r, unknown}
Potions
 h - 2 potions of curing {!q, unknown}
 i - a potion of might {!q, unknown}


   Skills:
 - Level 3.2 Fighting
 + Level 7.0 Short Blades
 - Level 1.5 Armour
 - Level 2.4 Dodging


You had 3 spell levels left.
You didn't know any spells.
Your spell library was empty.

Dungeon Overview and Level Annotations

Branches:
Dungeon (4/15)
 Temple: D:4-7

Altars:
Makhleb
Sif Muna
Uskayaw
Vehumet
Xom
Yredelemnul

Annotations:
D:4 exclusion: door


Innate Abilities, Weirdness & Mutations

You are small and have problems with some larger weapons.
You are completely attuned to the shadows.


Message History

* * * LOW HITPOINT WARNING * * *
The gnoll closely misses you.
There are monsters nearby!
You barely miss the gnoll.
The gnoll is moderately wounded.
The gnoll shaman calls upon its god to heal the gnoll.
The gnoll's wounds heal themselves!
The gnoll hits you with a +0 spear.
* * * LOW HITPOINT WARNING * * *
The gnoll closely misses you.
Unknown command.
You hit the gnoll but do no damage. The gnoll misses you.
You hit the gnoll.
The gnoll is lightly wounded.
The gnoll hits you from afar with a cursed +0 spear.
* * * LOW HITPOINT WARNING * * *
The gnoll misses you.
You hit the gnoll.
The gnoll is heavily wounded.
The gnoll hits you from afar with a cursed +0 spear!
You die...

.......<...#######.###
#.########.....).....# #.#
##..#####.#.# ..# #..# #.#.# ###
### #..# #.#.# ... ##.## #.#.#
#... ######### #..# #.#.# #.##
#.......# #..####.#.# #.#.
#.......###..gg@..#.#########.#.
#.............g.."#.............
#.......###....(..###########.#.
#.......# #..######... #.#.
##+###### ##..^8^...# #.#. ...
#.#####..# #.#. #.5.# #....#.#.#
#. #_._# ####.#.#.# ## #....#.#


You could see a gnoll shaman and 2 gnolls.

Vanquished Creatures
  Robin (D:4)
  An adder (D:4)
  A shadow imp (D:4)
  An ooze (D:2)
  A worm (D:2)
  A dart slug (D:2)
  4 leopard geckos
  An orc (D:4)
  6 bats
  2 giant cockroaches
  11 goblins
  5 hobgoblins
  A quokka (D:2)
  A ball python (D:1)
  3 frilled lizards
  A jackal skeleton (D:4)
  7 kobolds
  3 rats
51 creatures vanquished.

Notes
Turn   | Place    | Note
-------+----------+-------------------------------------------
     0 | D:1      | sahdkjhfkaj the Kobold Berserker began the quest for the
                  | Orb.
     0 | D:1      | Reached XP level 1. HP: 14/14 MP: 1/1
   563 | D:1      | Reached XP level 2. HP: 14/19 MP: 2/2
   974 | D:1      | Reached skill level 5 in Short Blades
  1490 | D:2      | Reached XP level 3. HP: 23/23 MP: 3/3
  1700 | D:2      | Reached ** piety under Trog
  1872 | D:2      | Reached skill level 6 in Short Blades
  2033 | D:2      | Found a shimmering blue altar of Sif Muna.
  2167 | D:2      | Found a radiant altar of Vehumet.
  2168 | D:2      | Found a basalt altar of Yredelemnul.
  2168 | D:2      | Found a hide-covered altar of Uskayaw.
  2268 | D:2      | You fall into a shaft and drop 2 floors!
  2312 | D:4      | Reached XP level 4. HP: 27/28 MP: 4/4
  2333 | D:4      | Found a burning altar of Makhleb.
  2333 | D:4      | Found a shimmering altar of Xom.
  2501 | D:4      | Got a faintly humming ring mail
  2512 | D:4      | Identified the +0 ring mail "Vyra" {rElec Dex+5} (You found
                  | it on level 4 of the Dungeon)
  2649 | D:4      | Noticed Robin
  2662 | D:4      | Killed Robin
  2682 | D:4      | Reached skill level 7 in Short Blades
  2889 | D:4      | Slain by a gnoll

Illustrated notes

Levels and vault maps discovered:
D:1:      shiori_shiawase, layout_loops_corners, grunt_decor_mini_mirrors
D:2:      layout_loops_cross, lemuel_crystal_altar,
          chequers_temple_overflow_statue_of_worship
D:4:      layout_basic, grunt_temple_overflow_champion_of_chaos,
          ebering_dispersal_statue_hall, uniq_robin, uniq_duvessa

Skill      XL: |  1  2  3  4 |
---------------+-------------+-----
Short Blades   | 5 6 7 |  7.0
Fighting       | |  3.2
Armour         | |  1.5
Dodging        | |  2.4

Action                   |  1- 3 |  4- 6 || total
-------------------------+-------+-------++-------
Melee: Short sword       |   107 |    58 ||   165
Invok: Berserk           |       |     1 ||     1
 Stab: Sleeping          |    12 |       ||    12
Armor: Animal skin       |     9 |       ||     9
       Leather armour    |     9 |       ||     9
       Ring mail         |       |     3 ||     3
Dodge: Dodged            |    75 |    33 ||   108

Table legend: (Time is in decaauts)
 A = Elapsed time spent in this place.
 B = Non-inter-level travel time spent in this place.
 C = Inter-level travel time spent in this place.
 D = Time resting spent in this place.
 E = Time spent auto-exploring this place.
 F = Levels seen in this place.
 G = Mean time per level.
                   A        B        C        D        E       F      G
               +--------+--------+--------+--------+--------+-----+--------+
         Total |   2865 |   2813 |     52 |      0 |   2466 |   3 |  955.0 |
       Dungeon |   2865 |   2813 |     52 |      0 |   2466 |   3 |  955.0 |
               +--------+--------+--------+--------+--------+-----+--------+

Top non-repeatable levels by time:
     D:1: 1406 daAuts
     D:2: 844 daAuts
     D:4: 613 daAuts
